 Dungeon Crawl Stone Soup version 0.30.1-9-gdf580d7c3d (webtiles) character file.

Game seed: 1873578491055406538

16567 lonewolfV2 the Fighter (level 12, -3/98 HPs)
             Began as a Demonspawn Fighter on Oct 23, 2023.
             Was an Elder of Dithmenos.
             Slain by a nine-headed hydra (9 damage)
             ... on level 13 of the Dungeon.
             The game lasted 00:25:05 (15680 turns).

lonewolfV2 the Fighter (Demonspawn Fighter)        Turns: 15680, Time: 00:25:05

Health: -3/98      AC: 16    Str: 26    XL:     12   Next: 11%
Magic:  0/17       EV:  7    Int: 14    God:    Dithmenos [****..]
Gold:   778        SH:  7    Dex: 14    Spells: 11/11 levels left

rFire   . . .        a - +1 war axe
rCold   + . .        c - +1 buckler
rNeg    . . .        o - +0 plate armour
rPois   .            q - +0 helmet
rElec   .            (no cloak)
rCorr   .            A - +0 pair of gloves
SInv    .            (no boots)
Will    .....        i - amulet of guardian spirit Stlth
                     F - +6 ring of strength
HPRegen 0.36/turn    D - ring of protection from cold
MPRegen 0.15/turn

%: guardian spirit
@: mighty, wreathed by umbra
A: demonic guardian 3, spiny 1, big brain 2, weakness stinger 2
a: Renounce Religion, Shadow Step


You were on level 13 of the Dungeon.
You worshipped Dithmenos.
Dithmenos was greatly pleased with you.
You visited 2 branches of the dungeon, and saw 14 of its levels.
You also visited: Ossuary.

You collected 778 gold pieces.

Inventory:

Hand Weapons
 a - a +1 war axe (weapon)
Armour
 c - a +1 buckler (worn)
 o - a +0 plate armour (worn)
 q - a +0 helmet (worn)
 A - a +0 pair of gloves (worn)
Jewellery
 i - an amulet of guardian spirit (around neck)
 r - an amulet of magic regeneration
 D - a ring of protection from cold (right hand)
 F - a +6 ring of strength (left hand)
Wands
 b - a wand of mindburst (17)
 m - a wand of charming (11)
 x - a wand of light (3)
 y - a wand of polymorph (7)
 z - a wand of flame (53)
 B - a wand of digging (11)
Scrolls
 f - a scroll of fear
 g - 3 scrolls of amnesia
 h - 2 scrolls of immolation
 k - 7 scrolls of teleportation
 p - 10 scrolls of identify
 t - 3 scrolls of enchant armour
 v - a scroll of silence
 w - 6 scrolls of blinking
 E - a scroll of enchant weapon
Potions
 d - 4 potions of might
 e - 4 potions of brilliance
 j - 2 potions of mutation
 l - a potion of flight
 n - 3 potions of lignification
 s - a potion of magic
 u - 10 potions of attraction


   Skills:
 - Level 10.5 Fighting
 - Level 10.1 Axes
 + Level 8.5 Armour
 + Level 8.5 Shields
 - Level 7.3 Invocations


You had 11 spell levels left.
You didn't know any spells.
Your spell library contained the following spells:

 Spells                   Type           Power      Damage    Failure   Level
 Ensorcelled Hibernation  Hex/Ice        0%         N/A       99%         2
 Lesser Beckoning         Tloc           0%         N/A       99%         2
 Dazzling Flash           Conj/Hex       0%         N/A       100%        3
 Gell's Gravitas          Tloc           0%         N/A       100%        3
 Spider Form              Tmut/Pois      0%         N/A       100%        3
 Teleport Other           Tloc           0%         N/A       100%        3
 Volatile Blastmotes      Fire/Tloc      0%         2d10      100%        3
 Anguish                  Hex/Necr       0%         N/A       100%        4
 Iskenderun's Mystic Bla  Conj/Tloc      0%         2d3       100%        4
 Starburst                Conj/Fire      0%         6d3       100%        6


Dungeon Overview and Level Annotations

Branches:
Dungeon (13/15)            Temple (1/1) D:6            Lair (0/5) D:8
    Orc (0/2) D:10        Ossuary (visited)
 Vaults: D:13-14

Altars:
Ashenzari
Cheibriados
Dithmenos
Fedhas
Gozag
Hepliaklqana
Kikubaaqudgha
Makhleb
Nemelex Xobeh
Okawaru
Ru
Sif Muna
Trog
Uskayaw
Vehumet
Wu Jian
Xom
Yredelemnul

Shops:
D:1 !   D:6 (!?(   D:7 ?   D:9 *

Annotations:
D:4 2 transporters
D:9 3 runed translucent doors, Nonny's ghost, novice TeEE
Temple 2 transporters


Innate Abilities, Weirdness & Mutations

A powerful demonic guardian rushes to your aid.
You are partially covered in sharp spines.
You have an extremely huge brain. (Int +4)
You have a tail ending in a sharp stinger.


Message History

You barely miss the nine-headed hydra.
The nine-headed hydra is moderately wounded.
The nine-headed hydra is struck by your spines.
The nine-headed hydra bites you but does no damage. x2
The nine-headed hydra closely misses you.
The nine-headed hydra bites you but does no damage.
The nine-headed hydra bites you!
A demonic guardian appears!
The nine-headed hydra barely misses you.
The nine-headed hydra bites you!
The nine-headed hydra bites you but does no damage.
The nine-headed hydra bites you.
The nine-headed hydra attacks as you move away!
The nine-headed hydra is struck by your spines.
The nine-headed hydra bites you!
* * * LOW HITPOINT WARNING * * *
The nine-headed hydra bites you.
* * * LOW HITPOINT WARNING * * *
The nine-headed hydra bites you but does no damage. x2
The nine-headed hydra bites you!
* * * LOW HITPOINT WARNING * * *
The nine-headed hydra bites you but does no damage. x3
The nine-headed hydra bites you.
* * * LOW HITPOINT WARNING * * *
Your hell beast bites the nine-headed hydra.
Your hell beast barely misses the nine-headed hydra. x2
Your hell beast tramples the nine-headed hydra.
The nine-headed hydra stumbles backwards!
You feel very mighty all of a sudden.
The nine-headed hydra is struck by your spines.
The nine-headed hydra bites you but does no damage. x2
The nine-headed hydra bites you.
* * * LOW HITPOINT WARNING * * *
The nine-headed hydra closely misses you.
The nine-headed hydra bites you!
* * * LOW HITPOINT WARNING * * *
The nine-headed hydra bites you.
* * * LOW HITPOINT WARNING * * *
The nine-headed hydra barely misses you.
The nine-headed hydra bites you!
You die...

.. #... ..#... .#..#
.... ..# #.# ##.##
##.## #...# #.2D#
#..^# #.@.# #...#
#.##...#######...#####
#....................#
#.....................
#....................#
###....#######...#####
#....# #)..# # #....#
#...# # ...#### #...#
#


You could see a nine-headed hydra (ally target) and a friendly hell beast
(summoned).

Vanquished Creatures
  2 cyclopes (D:12)
  2 ugly things
  The ghost of Nexanis the Thaumaturge, a novice DEEE of Sif Muna (D:7)
  A black mamba (shapeshifter) (D:12)
  2 unseen horrors (D:11)
  2 gargoyles
  Psyche (D:11)
  A tengu conjurer (D:13)
  3 trolls (D:12)
  2 hornets
  A wraith (D:12)
  4 yaks (D:10)
  3 shadows
  A basilisk (D:12)
  A vampire mosquito (D:12)
  2 wargs (D:10)
  An acid dragon (D:12)
  2 water moccasins (D:7)
  An ice beast (D:6)
  An orc warrior (D:8)
  A sky beast (D:8)
  2 ogres (D:4)
  2 black bears (D:5)
  6 centaurs
  3 phantoms
  2 kobold brigands
  2 bullfrogs
  3 scorpions
  9 wights
  3 killer bees (D:8)
  6 howler monkeys
  5 hounds
  An iron imp (D:9)
  A jelly (D:5)
  10 orc priests
  7 orc wizards
  A sleepcap (D:7)
  Natasha (twice) (D:4)
  4 iguanas
  A mummy (Ossuary)
  Robin (D:2)
  10 adders
  2 shadow imps
  3 white imps
  An ufetubus (D:7)
  4 worms
  2 dart slugs
  30 orcs
  2 spectral bats (Ossuary)
  5 ball pythons
  3 bats
  6 endoplasms
  2 giant cockroaches
  22 goblins
  11 hobgoblins
  5 jackals (D:5)
  3 quokkas (D:2)
  5 bat simulacra (Ossuary)
  2 frilled lizards (D:2)
  12 gnoll zombies (Ossuary)
  3 goblin simulacra (Ossuary)
  10 goblin zombies (Ossuary)
  5 hobgoblin zombies (Ossuary)
  A jackal zombie (D:8)
  3 kobolds
  4 kobold simulacra (Ossuary)
  A kobold zombie (Ossuary)
  2 orc zombies (Ossuary)
  A rat (D:1)
  A spectral goblin (Ossuary)
  5 spectral kobolds (Ossuary)
  4 spectral rats (Ossuary)
276 creatures vanquished.

Vanquished Creatures (collateral kills)
  A centaur warrior (D:10)
  2 boulder beetles
  A deep troll earth mage (D:12)
  3 slime creatures (D:12)
  A manticore (D:12)
  A gargoyle (D:6)
  An unseen horror (D:12)
  A hornet (D:9)
  A troll (D:12)
  A yak (D:10)
  A wraith (D:10)
  A vampire mosquito (D:12)
  Menkaure (D:6)
  A steam dragon (D:9)
  An acid dragon (D:9)
  2 orc warriors
  An ice beast (D:6)
  A gnoll sergeant (D:12)
  A wight (D:8)
  A killer bee (D:8)
  3 howler monkeys
  An orc wizard (D:10)
  An adder (D:6)
  An orc (D:10)
  A hobgoblin (D:2)
  A kobold (D:8)
32 creatures vanquished.

Grand Total: 308 creatures vanquished

Notes
Turn   | Place    | Note
-------+----------+-------------------------------------------
     0 | D:1      | lonewolfV2 the Demonspawn Fighter began the quest for the
                  | Orb.
     0 | D:1      | Reached XP level 1. HP: 18/18 MP: 1/1
   117 | D:1      | Gained mutation: You have a small tail. [demonic ancestry]
   117 | D:1      | Reached XP level 2. HP: 22/24 MP: 2/2
   168 | D:1      | Found Tokkeyxe's Distillery.
   694 | D:2      | Gained mutation: A weak demonic guardian rushes to your
                  | aid. [demonic ancestry]
   694 | D:2      | Reached XP level 3. HP: 29/29 MP: 3/3
  1155 | D:2      | Reached XP level 4. HP: 35/35 MP: 4/4
  1186 | D:2      | Noticed Robin
  1195 | D:2      | Killed Robin
  1569 | D:3      | Reached XP level 5. HP: 17/41 MP: 1/5
  1793 | D:3      | Found a bloodstained altar of Trog.
  2152 | D:3      | Found a sparkling altar of Nemelex Xobeh.
  2251 | D:4      | Noticed an ogre
  2258 | D:4      | Killed an ogre
  2348 | D:4      | Found an iron altar of Okawaru.
  2618 | D:4      | Gained mutation: You have an unusually large brain. (Int
                  | +2) [demonic ancestry]
  2618 | D:4      | Reached XP level 6. HP: 47/47 MP: 6/6
  2651 | D:4      | Reached skill level 5 in Armour
  2651 | D:4      | Reached skill level 5 in Shields
  2867 | D:4      | Noticed Natasha
  2886 | D:4      | Killed Natasha
  3041 | D:4      | Noticed Natasha
  3054 | D:4      | Killed Natasha
  3055 | D:4      | Gained mutation: You are partially covered in sharp spines.
                  | [demonic ancestry]
  3055 | D:4      | Reached XP level 7. HP: 42/52 MP: 7/7
  3136 | D:4      | Found a transporter.
  3168 | D:4      | Found a transporter.
  3413 | D:5      | Entered Level 5 of the Dungeon
  4106 | D:5      | Gained mutation: A demonic guardian rushes to your aid.
                  | [demonic ancestry]
  4106 | D:5      | Reached XP level 8. HP: 55/58 MP: 8/8
  4930 | D:6      | Found Dekuckyc's Distillery.
  5003 | D:6      | Found Cant's Weapon Emporium.
  5178 | D:6      | Noticed a gargoyle
  5190 | D:6      | Killed a gargoyle
  5333 | D:6      | Noticed Menkaure
  5338 | D:6      | Found a staircase to the Ecumenical Temple.
  5341 | D:6      | Killed Menkaure
  5457 | Temple   | Entered the Ecumenical Temple
  5457 | Temple   | Found a transporter.
  5457 | Temple   | Found a transporter.
  5459 | Temple   | Found a transporter.
  5459 | Temple   | Found a transporter.
  5486 | Temple   | Became a worshipper of Dithmenos the Shadowed
  5919 | D:6      | Reached skill level 5 in Fighting
  6045 | D:6      | Found Yprumi's Antique Weapon Shoppe.
  6107 | D:6      | Reached XP level 9. HP: 47/68 MP: 7/9
  6266 | D:6      | Found Dayqeveq's Magic Scroll Shoppe.
  6807 | D:7      | Reached skill level 5 in Axes
  7184 | D:7      | Reached * piety under Dithmenos
  7326 | D:7      | Found Zuatei's Magic Scroll Shoppe.
  7546 | D:8      | Paralysed by a hornet for 2 turns
  8013 | D:8      | Found a sand-covered staircase.
  8066 | Ossuary  | Entered an ossuary
  8153 | Ossuary  | Reached ** piety under Dithmenos
  8385 | Ossuary  | Reached *** piety under Dithmenos
  8526 | D:8      | Reached skill level 1 in Invocations
  8578 | D:8      | You fall into a shaft and drop 2 floors!
  8578 | D:10     | Entered Level 10 of the Dungeon
  8646 | D:9      | Found an ornate altar of the Wu Jian Council.
  8670 | D:9      | Gained mutation: A powerful demonic guardian rushes to your
                  | aid. [demonic ancestry]
  8670 | D:9      | Reached XP level 10. HP: 53/80 MP: 7/12
  8795 | D:9      | Found a runed translucent gate.
  8796 | D:9      | Noticed a fire dragon
  8799 | D:9      | Noticed Nonny's ghost (novice TeEE)
  8881 | D:9      | Found a runed translucent gate.
  8882 | D:9      | Found a runed translucent gate.
  9154 | D:8      | Reached skill level 5 in Invocations
  9244 | D:8      | Found a staircase to the Lair.
  9617 | D:7      | Found a runed translucent door.
  9617 | D:7      | Noticed Nexanis's ghost (novice DEEE)
  9638 | D:7      | Killed Nexanis's ghost
  9954 | D:9      | Found a snail-covered altar of Cheibriados.
 10021 | D:9      | HP: 4/80 [steam dragon (3)]
 10741 | D:9      | Found Yrhifaosk's General Store.
 10904 | D:10     | Noticed a centaur warrior
 10914 | D:10     | Killed a centaur warrior
 11246 | D:10     | Reached **** piety under Dithmenos
 11456 | D:10     | Found a staircase to the Orcish Mines.
 11703 | D:10     | Gained mutation: You have an extremely huge brain. (Int +4)
                  | [demonic ancestry]
 11703 | D:10     | Reached XP level 11. HP: 70/89 MP: 13/16
 12097 | D:11     | Noticed Psyche
 12108 | D:11     | Killed Psyche
 12484 | D:11     | Noticed a boulder beetle
 12525 | D:11     | Killed a boulder beetle
 13051 | D:12     | Noticed a green ugly thing
 13058 | D:12     | Killed a green ugly thing
 13329 | D:12     | HP: 3/90 [very large slime creature (39)]
 13332 | D:12     | Noticed a deep troll earth mage
 13335 | D:12     | Reached skill level 10 in Fighting
 13335 | D:12     | HP: 4/90 [large slime creature (15)]
 13338 | D:12     | Killed a deep troll earth mage
 13339 | D:12     | Reached skill level 10 in Axes
 14093 | D:12     | Noticed a boulder beetle
 14124 | D:12     | Killed a boulder beetle
 14740 | D:12     | Gained mutation: You have a tail ending in a sharp stinger.
                  | [demonic ancestry]
 14740 | D:12     | Reached XP level 12. HP: 17/98 MP: 4/17
 15669 | D:13     | Noticed a six-headed hydra
 15680 | D:13     | Slain by a nine-headed hydra

Illustrated notes

Levels and vault maps discovered:
D:1:      dpeg_arrival_solitude, layout_basic, serial_shops, shop,
          minmay_misc_feat_secret_circle, feat_on_display
D:2:      minmay_angry_zag, layout_basic, uniq_robin
D:3:      layout_rooms, pf_just_have_faith, nicolae_overflow_crystal_walls,
          serial_corexii_hall, corexii_hall_statues_l, corexii_hall_statues_t
D:4:      gammafunk_steamed_eel, layout_loops_corners,
          okawaru_ov_weapons_minmay, uniq_natasha
D:5:      layout_loops_cross
D:6:      layout_cave_pods, minmay_temple_entry_large_hall, serial_shops,
          nicolae_take_the_stairs, nicolae_shop_stone,
          nicolae_shop_window_shopping, shop, portal_sewer_entry_d,
          uniq_menkaure
D:7:      kennysheep_six_static_rooms, layout_gridville, gammafunk_ghost_grave,
          serial_shops, nicolae_shop_temple_entry_statues_fountains, minmay_puff
D:8:      layout_loops_ring, mainiacjoe_overflow_alcove_1, dpeg_oklobed_lair,
          enter_ossuary_3, grunt_ministairs_4
D:9:      layout_basic, mainiacjoe_overflow_catwalk_spiral, slow_altar_2,
          serial_shops, nicolae_shop_pleasant_corner_grove,
          gammafunk_ghost_split
D:10:     layout_stronghold, erik_orc_4, minmay_misc_feat_x,
          minmay_misc_feat_chi
D:11:     layout_cave_pools, uniq_psyche
D:12:     nicolae_hexawheel, layout_long_grid
D:13:     layout_loops_cross, portal_ice_cave_entry_pillars_1
Temple:   hellmonk_temple_divided_pantheon

Skill      XL: |  1  2  3  4  5  6  7  8  9 10 11 |
---------------+----------------------------------+-----
Armour         | 3 4 5 6 7 8 |  8.5
Shields        | 3 4 5 6 7 8 |  8.5
Axes           | 4 6 8 10 | 10.1
Fighting       | 5 7 9 10 | 10.5
Invocations    | 3 7 |  7.3

Action                     |  1- 3 |  4- 6 |  7- 9 | 10-12 || total
---------------------------+-------+-------+-------+-------++-------
  Melee: War axe           |   102 |   139 |   340 |   280 ||   861
         Tailslap          |     6 |     7 |    56 |    56 ||   125
  Evoke: Wand              |       |       |       |     4 ||     4
    Use: Scroll            |     1 |     6 |    11 |     6 ||    24
         Potion            |       |       |     3 |    10 ||    13
 Armour: Scale mail        |    57 |    40 |       |       ||    97
         Chain mail        |       |    29 |    64 |       ||    93
         Plate armour      |       |       |   141 |   223 ||   364
  Dodge: Dodged            |    55 |    68 |   108 |   136 ||   367
  Block: Buckler           |    27 |    41 |   124 |   124 ||   316
